 Dungeon Crawl Stone Soup version 0.20.1-1-g8b1a95d (webtiles) character file.

331 vatarom the Insei (level 6, -6/46 HPs)
             Began as a Demonspawn Transmuter on Sept 21, 2017.
             Mangled by an orc warrior
             ... wielding a +0 trident
              (13 damage)
             ... on level 4 of the Dungeon.
             The game lasted 00:06:17 (2974 turns).

vatarom the Insei (Demonspawn Transmuter)           Turns: 2974, Time: 00:06:18

Health: -6/46      AC:  8    Str: 10    XL:     6   Next: 26%
Magic:  6/9        EV: 16    Int: 15    God:
Gold:   84         SH:  0    Dex: 17    Spells: 3/9 levels left

rFire    + + .     SeeInvis .     - Unarmed
rCold    . . .     Gourm    .   (no shield)
rNeg     . . .     Faith    +   t - +2 leather armour {rF+}
rPois    .         Spirit   .   (helmet restricted)
rElec    .         Reflect  .   f - +0 cloak
rCorr    .         Harm     .   l - +1 pair of gloves
MR       .....                  (no boots)
Stlth    +.........             s - amulet of faith
Regen    0.2/turn               k - +2 ring of dexterity
MPRegen  0.2/turn               b - +3 ring of evasion

@: about to teleport, very slightly contaminated
A: antennae 1, fire resistance 1, powered by pain 2
a: no special abilities


You were on level 4 of the Dungeon.
You were not hungry.

You visited 1 branch of the dungeon, and saw 4 of its levels.

You collected 84 gold pieces.

Inventory:

Missiles
 a - 26 arrows
Armour
 f - a +0 cloak (worn)
 l - a +1 pair of gloves (worn)
 t - a +2 leather armour of fire resistance (worn)
Jewellery
 b - a +3 ring of evasion (right hand)
 k - a +2 ring of dexterity (left hand)
 s - an amulet of faith (around neck)
 u - an uncursed ring of protection from fire {unknown}
Wands
 j - a wand of acid (5/15)
 m - a wand of lightning (1/15)
Scrolls
 e - a scroll of magic mapping
 h - 3 scrolls of identify
 n - a scroll of remove curse
Potions
 g - 3 potions of curing
 q - a potion of lignification {unknown}
 r - 2 potions of agility {unknown}
Books
 c - a book of Changes

   Spells                             Type                      Level
   a - Beastly Appendage              Transmutation                1
   b - Sticks to Snakes               Transmutation                2
   c - Spider Form                    Transmutation/Poison         3
   d - Ice Form                       Ice/Transmutation            4
   e - Blade Hands                    Transmutation                5
Comestibles
 d - 2 bread rations
 i - 3 meat rations
 o - 3 fruits
 p - 4 royal jellies


   Skills:
 + Level 2.8 Fighting
 + Level 3.0 Dodging
 * Level 4.5 Unarmed Combat
 - Level 2.0 Spellcasting
 + Level 3.2 Transmutations


You had 3 spell levels left.
You knew the following spells:

 Your Spells              Type           Power        Failure   Level  Hunger
a - Beastly Appendage     Tmut           ##....       9%          1    #......
b - Sticks to Snakes      Tmut           ##......     12%         2    ###....
c - Spider Form           Tmut/Pois      #.........   43%         3    ###....


Dungeon Overview and Level Annotations

Branches:
Dungeon (4/15)
 Temple: D:4-7

Altars:
The Shining One


Innate Abilities, Weirdness & Mutations

You have a pair of small antennae on your head.
Your flesh is heat resistant. (rF+)
You sometimes gain power by taking damage.


Message History

You miscast Sticks to Snakes.
You are very lightly contaminated with residual magic.
Your hands glow momentarily.
The orc warrior hits you from afar with a trident.
Casting: Sticks to Snakes
Confirm with . or Enter, or press ? or * to list all spells.
You create a snake!
You now have 26 arrows.
The orc warrior hits you from afar with a trident!!
* * * LOW HITPOINT WARNING * * *
An orc wizard comes into view. It is wielding a dagger.
The orc wizard mumbles some strange words.
The orc wizard flickers and vanishes!
Deactivating autopickup; reactivate with Ctrl-A.
The orc wizard casts a spell at you.
The puff of flame hits your ball python.
Your ball python dies!
As you read the scroll of teleportation, it crumbles to dust.
You feel strangely unstable.
The orc warrior hits you from afar with a trident!
You die...

.......#.#.#.# #...#########.
...#.....#.#.# #...........#
...#.#.###.#.####..########.#
...#.#.###.#............# #.#....
...#.#.....##....#.####.# #.#....
..(..########....#.####.###.#....
...### ####....#.##.......#....
.### #..................#.... .#
#......@.........[[##... .#
#.................<##... .#
#......o...........##... .#
......................... ##
....................#####
.............#...........
#......o.o..#....)......
#######.#...............
#?#.###...........


You could see an orc warrior, an orc wizard and an orc.

Vanquished Creatures
  A howler monkey (D:4)
  A hound (D:4)
  Jessica (D:3)
  Ijyb (D:3)
  2 orc wizards (D:4)
  3 gnolls (D:4)
  2 adders (D:3)
  2 oozes
  An adder skeleton (D:4)
  A worm (D:4)
  3 dart slugs
  7 leopard geckos
  5 orcs
  5 bats
  4 giant cockroaches
  11 goblins
  5 hobgoblins
  6 jackals
  4 quokkas
  4 ball pythons
  2 kobolds (D:1)
  A leopard gecko skeleton (D:4)
  A quokka skeleton (D:4)
  6 rats
79 creatures vanquished.

Vanquished Creatures (others)
  A goblin (D:3)
1 creature vanquished.

Grand Total: 80 creatures vanquished

Notes
Turn   | Place    | Note
-------+----------+-------------------------------------------
     0 | D:1      | vatarom the Demonspawn Transmuter began the quest for the Orb.
     0 | D:1      | Reached XP level 1. HP: 15/15 MP: 3/3
   475 | D:1      | Lost mutation: You have a pair of horns on your head. [demonic ancestry]
   475 | D:1      | Lost mutation: You have a pair of small horns on your head. [demonic ancestry]
   475 | D:1      | Gained mutation: You have a pair of small antennae on your head. [demonic ancestry]
   475 | D:1      | Reached XP level 2. HP: 14/21 MP: 3/5
   725 | D:1      | Learned a level 2 spell: Sticks to Snakes
  1044 | D:2      | Found a glowing golden altar of the Shining One.
  1203 | D:2      | Gained mutation: Your flesh is heat resistant. (rF+) [demonic ancestry]
  1203 | D:2      | Reached XP level 3. HP: 21/26 MP: 6/6
  1254 | D:2      | Reached skill level 3 in Unarmed Combat
  1943 | D:3      | Gained mutation: You sometimes gain a little power by taking damage. [demonic ancestry]
  1943 | D:3      | Reached XP level 4. HP: 28/33 MP: 5/7
  2060 | D:3      | Learned a level 3 spell: Spider Form
  2155 | D:3      | Noticed Ijyb
  2158 | D:3      | HP: 1/33 [Ijyb/wand of lightning (?/15) (23)]
  2176 | D:3      | Killed Ijyb
  2358 | D:3      | Noticed Jessica
  2375 | D:3      | Killed Jessica
  2375 | D:3      | Reached XP level 5. HP: 39/39 MP: 1/8
  2656 | D:4      | Reached skill level 4 in Unarmed Combat
  2784 | D:4      | Gained mutation: You sometimes gain power by taking damage. [demonic ancestry]
  2784 | D:4      | Reached XP level 6. HP: 39/46 MP: 5/9
  2953 | D:4      | Noticed an orc warrior
  2974 | D:4      | Mangled by an orc warrior

Skill      XL: |  1  2  3  4  5  6 |
---------------+-------------------+-----
Dodging        | 2 3 |  3.0
Transmutations | 2 3 |  3.2
Unarmed Combat | 3 4 |  4.5
Fighting       | 2 |  2.8
Spellcasting   | |  2.0

Action                   |  1- 3 |  4- 6 || total
-------------------------+-------+-------++-------
Melee: Unarmed           |   197 |   134 ||   331
       Kick              |    15 |     7 ||    22
       Headbutt          |     1 |       ||     1
       Punch             |       |     2 ||     2
 Cast: Beastly Appendage |    22 |     6 ||    28
       Spider Form       |       |     6 ||     6
       Sticks to Snakes  |       |     1 ||     1
Evoke: Wand              |       |     4 ||     4
  Use: Scroll            |     7 |     2 ||     9
       Potion            |     4 |     2 ||     6
 Stab: Sleeping          |     4 |       ||     4
  Eat: Chunk             |     4 |     4 ||     8
       Bread ration      |       |     1 ||     1
Armor: Robe              |    39 |     5 ||    44
       Leather armour    |       |    27 ||    27
Dodge: Dodged            |   155 |   134 ||   289
